NPBL
COLORADO RAMS @ PENNSYLVANIA FREEDOM
11/09/2084
 
TOP OF THE 1ST
Colorado Rams batting - Pitching for Pennsylvania Freedom : RHP Andrew Taylor
Pitching: RHP Andrew Taylor
Batting: RHB Cordell Negrete 0-0: Ball
1-0: Ball
2-0: Foul Ball, location: 2F
2-1: Fly out, F9 (Flyball, 9S, EV 86.3 MPH)
Batting: RHB John Hicks 0-0: Called Strike
0-1: Foul Ball, location: 2F
0-2: Fly out, F9 (Flyball, 9LM, EV 85.6 MPH)
Batting: LHB Carlos Valéncia 0-0: Called Strike
0-1: Ball
1-1: Ball
2-1: Ground out U3 (Groundball, 34, EV 96.9 MPH)
Top of the 1st over - 0 runs, 0 hits, 0 errors, 0 left on base; Colorado 0 - Pennsylvania 0
BOTTOM OF THE 1ST
Pennsylvania Freedom batting - Pitching for Colorado Rams : LHP Greg Kirby
Pitching: LHP Greg Kirby
Batting: RHB Leland Milton 0-0: Swinging Strike
0-1: SINGLE (Line Drive, 3D, EV 110.6 MPH)
Batting: RHB Zipper Muñóz 0-0: Ball
Wild Pitch!
Leland Milton to second
1-0: Foul Ball, location: 2F
1-1: Swinging Strike
1-2: Strikes out looking
Batting: SHB Pedro Apodaca 0-0: Called Strike
Leland Milton steals 3rd base
0-1: Foul Ball, location: 2F
0-2: Ball
1-2: Ball
2-2: Ball
3-2: Ground out U3 (Groundball, 34S, EV 70.6 MPH)
Leland Milton scores
Batting: RHB José Gómez 0-0: Ball
1-0: Called Strike
1-1: Swinging Strike
1-2: Fly out, F6 (Popup, 6M, EV 58.1 MPH)
Bottom of the 1st over - 1 run, 1 hit, 0 errors, 0 left on base; Colorado 0 - Pennsylvania 1
TOP OF THE 2ND
Colorado Rams batting - Pitching for Pennsylvania Freedom : RHP Andrew Taylor
Batting: RHB Don Landry 0-0: Called Strike
0-1: Ball
1-1: Ball
2-1: Foul Ball, location: 2F
2-2: Ball
3-2: Foul Ball, location: 2F
3-2: Foul Ball, location: 2F
3-2: Foul Ball, location: 2F
3-2: Ground out 6-3 (Groundball, 6, EV 91.3 MPH)
Batting: LHB Juan Jose Montoya 0-0: Called Strike
0-1: Ball
1-1: Called Strike
1-2: Foul Ball, location: 2F
1-2: SOLO HOME RUN (Flyball, 9LD, EV 110.0 MPH), Distance : 331 ft
Batting: RHB Chris Krause 0-0: Ball
1-0: Foul Ball, location: 2F
1-1: Ball
2-1: Swinging Strike
2-2: Ball
3-2: Ground out 1-3 (Groundball, 13, EV 65.0 MPH)
Batting: SHB Ken Long 0-0: Called Strike
0-1: SINGLE (Groundball, 4D, EV 103.8 MPH)
Batting: RHB Mike Brown 0-0: Ball
1-0: Called Strike
1-1: Ball
2-1: Ball
3-1: Foul Ball, location: 2F
3-2: Fly out, F8 (Flyball, 8RM, EV 86.3 MPH)
Top of the 2nd over - 1 run, 2 hits, 0 errors, 1 left on base; Colorado 1 - Pennsylvania 1
BOTTOM OF THE 2ND
Pennsylvania Freedom batting - Pitching for Colorado Rams : LHP Greg Kirby
Batting: LHB Roy Boyd 0-0: Ball
1-0: Ball
2-0: Called Strike
2-1: Fly out, F9 (Flyball, 9D, EV 91.9 MPH)
Batting: RHB Glenn Evans 0-0: Called Strike
0-1: Ground out 6-3 (Groundball, 6, EV 102.5 MPH)
Batting: LHB Oscar Christian 0-0: Ball
1-0: Swinging Strike
1-1: Foul Ball, location: 2F
1-2: Ball
2-2: Ball
3-2: DOUBLE (Line Drive, 78M, EV 111.9 MPH)
Batting: RHB Outback Van Buren 0-0: Called Strike
0-1: Called Strike
0-2: Ground out 6-3 (Groundball, 6, EV 76.9 MPH)
Bottom of the 2nd over - 0 runs, 1 hit, 0 errors, 1 left on base; Colorado 1 - Pennsylvania 1
TOP OF THE 3RD
Colorado Rams batting - Pitching for Pennsylvania Freedom : RHP Andrew Taylor
Batting: LHB Greg Kirby 0-0: Ball
1-0: Ball
2-0: Called Strike
2-1: Ball
3-1: SINGLE (Groundball, 34D, EV 96.9 MPH)
Batting: RHB Cordell Negrete 0-0: Called Strike
0-1: Ball
1-1: Ball
2-1: Swinging Strike
2-2: Ball
3-2: Base on Balls
Greg Kirby to second
Batting: RHB John Hicks 0-0: Swinging Strike
0-1: Ball
1-1: Ball
2-1: SINGLE (Groundball, 6S, EV 65.0 MPH) (infield hit)
Greg Kirby to third
Cordell Negrete to second
Batting: LHB Carlos Valéncia 0-0: Ball
1-0: Ball
2-0: Ball
3-0: Called Strike
3-1: Foul Ball, location: 2F
3-2: Foul Ball, location: 2F
3-2: Foul Ball, location: 2F
3-2: Foul Ball, location: 2F
3-2: Foul Ball, location: 2F
3-2: SINGLE (Groundball, 4MD, EV 105.0 MPH)
Greg Kirby scores
Cordell Negrete to third
John Hicks to second
Runner from 3rd tries for Home, SAFE, throw by CF to home
Batting: RHB Don Landry 0-0: Swinging Strike
0-1: Ball
Wild Pitch!
John Hicks to third
Carlos Valéncia to second
1-1: SINGLE (Line Drive, 5D, EV 108.1 MPH)
John Hicks scores
Carlos Valéncia to third
Batting: LHB Juan Jose Montoya 0-0: Ball
1-0: Foul Ball, location: 2F
1-1: Swinging Strike
1-2: Reached via error on a dropped throw from P, E6 (Groundball, 34S, EV 76.3 MPH)
Carlos Valéncia scores
Don Landry to second
Batting: RHB Chris Krause 0-0: Fly out, F9 (Flyball, 89S, EV 88.1 MPH)
Batting: SHB Ken Long 0-0: Called Strike
Juan Jose Montoya is caught stealing 2nd base 2-6
Don Landry steals 3rd base
0-1: Foul Ball, location: 2F
0-2: Ground out U3 (Groundball, 34, EV 79.4 MPH)
Top of the 3rd over - 4 runs, 4 hits, 1 error, 1 left on base; Colorado 5 - Pennsylvania 1
BOTTOM OF THE 3RD
Pennsylvania Freedom batting - Pitching for Colorado Rams : LHP Greg Kirby
Batting: RHB Andrew Taylor 0-0: Ball
1-0: Foul Ball, location: 2F
1-1: Ball
2-1: Called Strike
2-2: Strikes out looking
Batting: RHB Leland Milton 0-0: Ball
1-0: Swinging Strike
1-1: Called Strike
1-2: Ball
2-2: Fly out, F8 (Flyball, 8RD, EV 86.3 MPH)
Batting: RHB Zipper Muñóz 0-0: SINGLE (Line Drive, 6M, EV 96.3 MPH)
Batting: SHB Pedro Apodaca 0-0: Ball
1-0: Called Strike
1-1: Foul Ball, location: 2F
1-2: Foul Ball, location: 2F
1-2: Ball
2-2: Ball
3-2: Reached on error, E3 (Groundball, 3S, EV 93.1 MPH)
Zipper Muñóz to second
Batting: RHB José Gómez 0-0: Foul Ball, location: 2F
0-1: Fly out, F3 (Popup, 34S, EV 82.5 MPH)
Bottom of the 3rd over - 0 runs, 1 hit, 1 error, 2 left on base; Colorado 5 - Pennsylvania 1
TOP OF THE 4TH
Colorado Rams batting - Pitching for Pennsylvania Freedom : RHP Andrew Taylor
Batting: RHB Mike Brown 0-0: Fly out, F7 (Line Drive, 7D, EV 91.9 MPH)
Batting: LHB Greg Kirby 0-0: Ball
1-0: SINGLE (Line Drive, 3D, EV 107.5 MPH)
Pitching: RHP William Rooks
Batting: RHB Cordell Negrete 0-0: Foul Ball, location: 2F
0-1: Called Strike
0-2: SINGLE (Line Drive, 6D, EV 95.6 MPH)
Greg Kirby to second
Batting: RHB John Hicks 0-0: Called Strike
0-1: Ball
1-1: Called Strike
1-2: Foul Ball, location: 2F
1-2: Foul Ball, location: 2F
1-2: Ball
2-2: Ball
3-2: SINGLE (Line Drive, 89S, EV 89.4 MPH)
Greg Kirby to third
Cordell Negrete to second
Batting: LHB Carlos Valéncia 0-0: Foul Ball, location: 2F
0-1: Foul Ball, location: 2F
0-2: Ball
1-2: Fly out, F9 (Flyball, 89M, EV 81.3 MPH)
Runner from 3rd tags up, OUT at HOME! 9-2
Top of the 4th over - 0 runs, 3 hits, 0 errors, 2 left on base; Colorado 5 - Pennsylvania 1
BOTTOM OF THE 4TH
Pennsylvania Freedom batting - Pitching for Colorado Rams : LHP Greg Kirby
Batting: LHB Roy Boyd 0-0: Ball
1-0: Called Strike
1-1: Ball
2-1: Called Strike
2-2: Ball
3-2: SINGLE (Groundball, 4MD, EV 105.6 MPH)
Batting: RHB Glenn Evans 0-0: Fly out, F8 (Flyball, 89M, EV 91.3 MPH)
Batting: LHB Oscar Christian 0-0: Ball
1-0: Ball
2-0: Swinging Strike
2-1: Ball
3-1: Foul Ball, location: 2F
3-2: Strikes out swinging
Batting: RHB Outback Van Buren 0-0: SINGLE (Groundball, 56D, EV 103.1 MPH)
Roy Boyd to second
Pinch Hitting: LHB Sergio Garza 0-0: Ball
1-0: Swinging Strike
1-1: Swinging Strike
1-2: Ball
2-2: Ball
3-2: Strikes out swinging
Bottom of the 4th over - 0 runs, 2 hits, 0 errors, 2 left on base; Colorado 5 - Pennsylvania 1
TOP OF THE 5TH
Colorado Rams batting - Pitching for Pennsylvania Freedom : RHP William Rooks
Pitching: RHP Jorge Cordero
Batting: RHB Don Landry 0-0: Ball
1-0: Called Strike
1-1: Called Strike
1-2: Foul Ball, location: 2F
1-2: Fly out, F4 (Popup, 34, EV 66.9 MPH)
Batting: LHB Juan Jose Montoya 0-0: Ball
1-0: Ball
2-0: Hit by Pitch
Batting: RHB Chris Krause 0-0: Called Strike
0-1: Ball
1-1: Ball
2-1: Ball
3-1: SINGLE (Groundball, 6MD, EV 111.3 MPH)
Juan Jose Montoya to second
Runner from 2nd tries for 3rd, SAFE, throw by CF made to third
Batting: SHB Ken Long 0-0: Ball
1-0: Swinging Strike
1-1: Foul Ball, location: 2F
1-2: Strikes out swinging
Batting: RHB Mike Brown 0-0: SINGLE (Line Drive, 6M, EV 94.4 MPH)
Juan Jose Montoya scores
Chris Krause to second
Batting: LHB Greg Kirby 0-0: Called Strike
0-1: Ball
1-1: Ball
2-1: Foul Ball, location: 2F
2-2: Foul Ball, location: 2F
2-2: Strikes out swinging
Top of the 5th over - 1 run, 2 hits, 0 errors, 2 left on base; Colorado 6 - Pennsylvania 1
BOTTOM OF THE 5TH
Pennsylvania Freedom batting - Pitching for Colorado Rams : LHP Greg Kirby
Batting: RHB Leland Milton 0-0: Ball
1-0: Ground out 6-3 (Groundball, 6, EV 79.4 MPH)
Batting: RHB Zipper Muñóz 0-0: Called Strike
0-1: Ball
1-1: Called Strike
1-2: SINGLE (Groundball, 6D, EV 95.0 MPH)
Batting: SHB Pedro Apodaca 0-0: Foul Ball, location: 2F
0-1: Ball
1-1: Foul Ball, location: 2F
1-2: Ball
2-2: Ball
3-2: Foul Ball, location: 2F
3-2: Fielders Choice at 2nd, 4-6 (Groundball, 34, EV 106.3 MPH)
Batting: RHB José Gómez 0-0: Foul Ball, location: 2F
0-1: Called Strike
0-2: Ball
1-2: DOUBLE (Flyball, 78XD, EV 105.0 MPH)
Pedro Apodaca to third
Runner from 3rd tries for Home, SAFE, throw by LF to home
Batting: LHB Roy Boyd 0-0: DOUBLE (Line Drive, 9LD, EV 105.6 MPH)
José Gómez scores
Batting: RHB Glenn Evans 0-0: Ball
1-0: Called Strike
1-1: SINGLE (Groundball, 34, EV 83.1 MPH) (infield hit)
Roy Boyd to third
Batting: LHB Oscar Christian 0-0: Ball
1-0: Fly out, F4 (Line Drive, 4, EV 64.4 MPH)
Bottom of the 5th over - 2 runs, 4 hits, 0 errors, 2 left on base; Colorado 6 - Pennsylvania 3
TOP OF THE 6TH
Colorado Rams batting - Pitching for Pennsylvania Freedom : RHP Jorge Cordero
Batting: RHB Cordell Negrete 0-0: Ball
1-0: Called Strike
1-1: Foul Ball, location: 2F
1-2: Foul Ball, location: 2F
1-2: SOLO HOME RUN (Flyball, 9LD, EV 109.4 MPH), Distance : 355 ft
Batting: RHB John Hicks 0-0: SOLO HOME RUN (Flyball, 78XD, EV 103.1 MPH), Distance : 417 ft
Pitching: RHP Sam Green
Now at C: Héctor López
Batting: LHB Carlos Valéncia 0-0: Called Strike
0-1: Ball
1-1: Ball
2-1: Fly out, F7 (Flyball, 7LS, EV 93.8 MPH)
Batting: RHB Don Landry 0-0: Ball
1-0: Ball
2-0: Ball
3-0: Base on Balls
Batting: LHB Juan Jose Montoya 0-0: Ball
1-0: SINGLE (Flyball, 7LS, EV 83.8 MPH)
Don Landry to second
Batting: RHB Chris Krause 0-0: Ball
1-0: Ball
2-0: Ball
3-0: Base on Balls
Don Landry to third
Juan Jose Montoya to second
Batting: SHB Ken Long 0-0: Swinging Strike
0-1: Swinging Strike
0-2: Ball
1-2: Ball
2-2: Ball
3-2: Fly out, F6 (Popup, 6MD, EV 51.9 MPH)
Batting: RHB Mike Brown 0-0: Called Strike
0-1: Ball
1-1: Ball
2-1: Ball
3-1: SINGLE (Flyball, 7LS, EV 85.0 MPH)
Don Landry scores
Juan Jose Montoya to third
Chris Krause to second
Pinch Hitting: SHB Leonard McCarthy 0-0: Called Strike
0-1: Foul Ball, location: 2F
0-2: Ball
1-2: SINGLE (Groundball, 56D, EV 108.8 MPH)
Juan Jose Montoya scores
Chris Krause to third
Mike Brown to second
Batting: RHB Cordell Negrete 0-0: Swinging Strike
0-1: Ball
1-1: SINGLE (Line Drive, 4MD, EV 98.8 MPH)
Chris Krause scores
Mike Brown to third
Leonard McCarthy to second
Pitching: RHP Booker Millar
Batting: RHB John Hicks 0-0: Ball
1-0: Ground out U3 (Groundball, 34, EV 85.0 MPH)
Top of the 6th over - 5 runs, 6 hits, 0 errors, 3 left on base; Colorado 11 - Pennsylvania 3
BOTTOM OF THE 6TH
Pennsylvania Freedom batting - Pitching for Colorado Rams : LHP Greg Kirby
Pitching: LHP Wayne Winslow
Batting: RHB Outback Van Buren 0-0: Called Strike
0-1: Foul Ball, location: 2F
0-2: Strikes out swinging
Batting: RHB Héctor López 0-0: Ball
1-0: Ground out 5-3 (Groundball, 56S, EV 83.1 MPH)
Batting: RHB Leland Milton 0-0: DOUBLE (Line Drive, 9LS, EV 111.3 MPH)
Batting: RHB Zipper Muñóz 0-0: Ball
1-0: Ground out 4-3 (Groundball, 4M, EV 100.6 MPH)
Bottom of the 6th over - 0 runs, 1 hit, 0 errors, 1 left on base; Colorado 11 - Pennsylvania 3
TOP OF THE 7TH
Colorado Rams batting - Pitching for Pennsylvania Freedom : RHP Booker Millar
Batting: LHB Carlos Valéncia 0-0: Called Strike
0-1: SINGLE (Line Drive, 89S, EV 99.4 MPH)
Batting: RHB Don Landry 0-0: Foul Ball, location: 2F
0-1: Grounds into double play, 5-4-3 (Groundball, 56S, EV 85.0 MPH)
Batting: LHB Juan Jose Montoya 0-0: Ball
1-0: Ball
2-0: Called Strike
2-1: Called Strike
2-2: Ground out 4-3 (Groundball, 4, EV 103.8 MPH)
Top of the 7th over - 0 runs, 1 hit, 0 errors, 0 left on base; Colorado 11 - Pennsylvania 3
BOTTOM OF THE 7TH
Pennsylvania Freedom batting - Pitching for Colorado Rams : LHP Wayne Winslow
Batting: SHB Pedro Apodaca 0-0: Ball
1-0: Foul Ball, location: 2F
1-1: Fly out, F2 (Popup, 2L, EV 98.1 MPH)
Batting: RHB José Gómez 0-0: SOLO HOME RUN (Flyball, 7D, EV 101.9 MPH), Distance : 370 ft
Batting: LHB Roy Boyd 0-0: Fly out, F3 (Line Drive, 3, EV 63.8 MPH)
Batting: RHB Glenn Evans 0-0: Called Strike
0-1: Foul Ball, location: 2F
0-2: Ground out 5-3 (Groundball, 5S, EV 85.6 MPH)
Bottom of the 7th over - 1 run, 1 hit, 0 errors, 0 left on base; Colorado 11 - Pennsylvania 4
TOP OF THE 8TH
Colorado Rams batting - Pitching for Pennsylvania Freedom : RHP Booker Millar
Batting: RHB Chris Krause 0-0: Ball
1-0: Ball
2-0: DOUBLE (Groundball, 5L, EV 108.8 MPH)
Batting: SHB Ken Long 0-0: Ball
1-0: Ball
2-0: Reached on error, E2 (Groundball, 2L, EV 66.9 MPH)
Chris Krause scores
Batting: RHB Mike Brown 0-0: Swinging Strike
0-1: Ball
1-1: Ground out 6-3 (Groundball, 6, EV 90.0 MPH)
Ken Long to third
Batting: RHB Wayne Winslow 0-0: Called Strike
0-1: Called Strike
0-2: Ball
1-2: Strikes out swinging
Batting: RHB Cordell Negrete 0-0: Ball
1-0: Ball
2-0: Called Strike
2-1: Ground out U3 (Groundball, 3, EV 85.6 MPH)
Top of the 8th over - 1 run, 1 hit, 1 error, 1 left on base; Colorado 12 - Pennsylvania 4
BOTTOM OF THE 8TH
Pennsylvania Freedom batting - Pitching for Colorado Rams : LHP Wayne Winslow
Batting: RHB Booker Millar 0-0: Called Strike
0-1: Ball
1-1: Swinging Strike
1-2: Ball
2-2: Strikes out swinging
Batting: RHB Outback Van Buren 0-0: Called Strike
0-1: Ball
1-1: Ground out 6-3 (Groundball, 6, EV 90.0 MPH)
Batting: RHB Héctor López 0-0: SINGLE (Groundball, 56D, EV 108.8 MPH)
Batting: RHB Leland Milton 0-0: Ball
1-0: Fly out, F7 (Flyball, 7S, EV 72.5 MPH)
Bottom of the 8th over - 0 runs, 1 hit, 0 errors, 1 left on base; Colorado 12 - Pennsylvania 4
TOP OF THE 9TH
Colorado Rams batting - Pitching for Pennsylvania Freedom : RHP Booker Millar
Batting: RHB John Hicks 0-0: Called Strike
0-1: Ball
1-1: SINGLE (Line Drive, 78M, EV 91.3 MPH)
Batting: LHB Carlos Valéncia 0-0: Called Strike
0-1: SINGLE (Line Drive, 5D, EV 100.6 MPH)
John Hicks to second
Batting: RHB Don Landry 0-0: Ball
1-0: Ball
2-0: Ball
3-0: Base on Balls
John Hicks to third
Carlos Valéncia to second
Batting: LHB Juan Jose Montoya 0-0: Foul Ball, location: 2F
0-1: Swinging Strike
0-2: DOUBLE (Line Drive, 9LS, EV 100.0 MPH)
John Hicks scores
Carlos Valéncia scores
Don Landry to third
Runner from 3rd tries for Home, SAFE, no throw by RF
Pitching: RHP Howard Carey
Pinch Hitting: RHB Victor Ovendon 0-0: Called Strike
0-1: Foul Ball, location: 2F
0-2: Foul Ball, location: 2F
0-2: Strikes out swinging
Pinch Hitting: LHB Oscar Spencer 0-0: Foul Ball, location: 2F
0-1: Called Strike
0-2: Foul Ball, location: 2F
0-2: Strikes out looking
Pinch Hitting: RHB Sébastien LeDuc 0-0: Ball
1-0: Ball
2-0: Called Strike
2-1: Ball
3-1: Foul Ball, location: 2F
3-2: Fly out, F4 (Line Drive, 4, EV 65.0 MPH)
Top of the 9th over - 3 runs, 3 hits, 0 errors, 1 left on base; Colorado 15 - Pennsylvania 4
BOTTOM OF THE 9TH
Pennsylvania Freedom batting - Pitching for Colorado Rams : LHP Wayne Winslow
Now at C: Victor Ovendon
Now at 3B: Alberto Torres
Now in LF: Charles Guerrieri
Pinch Hitting: RHB Manuel Tafoyra 0-0: Ball
1-0: SINGLE (Groundball, 34D, EV 94.4 MPH)
Pinch Hitting: LHB Vincente Rodríguez 0-0: Ball
1-0: Fielders Choice at 2nd, 4-6 (Groundball, 34, EV 100.6 MPH)
Batting: RHB José Gómez 0-0: Foul Ball, location: 2F
0-1: Ball
1-1: Foul Ball, location: 2F
1-2: Fly out, F7 (Flyball, 7S, EV 82.5 MPH)
Batting: LHB Roy Boyd 0-0: Ball
1-0: Ball
2-0: Ball
3-0: Called Strike
3-1: Base on Balls
Vincente Rodríguez to second
Batting: RHB Glenn Evans 0-0: Called Strike
0-1: Ball
1-1: Called Strike
1-2: Foul Ball, location: 2F
1-2: Reached on error, E6 (Groundball, 6, EV 101.9 MPH)
Vincente Rodríguez to third
Roy Boyd to second
Pinch Hitting: RHB Jim Flowers 0-0: Called Strike
0-1: Ball
1-1: Ball
2-1: Called Strike
2-2: Ball
3-2: Base on Balls
Vincente Rodríguez scores
Roy Boyd to third
Glenn Evans to second
Batting: RHB Outback Van Buren 0-0: Called Strike
0-1: Ball
1-1: Ground out 5-3 (Groundball, 56S, EV 67.5 MPH)
Bottom of the 9th over - 1 run, 1 hit, 1 error, 3 left on base; Colorado 15 - Pennsylvania 5
Thursday, September 17th, 2020 - OOTP Baseball 20.8 Build 74